 Dungeon Crawl Stone Soup version 0.20-a0-850-ge5a7832 (webtiles) character file.

215 Alarkh the Chopper (level 5, -2/42 HPs)
             Began as a Demonspawn Monk on Mar 10, 2017.
             Killed by divine providence
             ... invoked by an orc priest
              (7 damage)
             ... on level 4 of the Dungeon.
             The game lasted 00:02:58 (4129 turns).

Alarkh the Chopper (Demonspawn Monk)                Turns: 4129, Time: 00:02:59

Health: -2/42      AC:  6    Str: 12      XL:     5   Next: 60%
Magic:  5/5        EV: 19    Int:  9 (12) God:
Gold:   181        SH:  0    Dex: 17 (20) Spells: 4/4 levels left

rFire    . . .     SeeInvis .   a - +0 hand axe
rCold    + . .     Gourm    .   b - +0 robe
rNeg     . . .     Faith    .   (no shield)
rPois    .         Spirit   .   e - +0 helmet
rElec    .         Reflect  .   (no cloak)
rCorr    .         Harm     .   (no gloves)
MR       .....                  p - +2 pair of boots
Stlth    +++.......             (no amulet)
Regen    0.2/turn               (no ring)
MPRegen  0.1/turn               (no ring)

@: agile
A: cold resistance 1, subdued magic 1, sturdy frame 2
a: no special abilities


You were on level 4 of the Dungeon.
You were hungry.

You visited 1 branch of the dungeon, and saw 4 of its levels.

You collected 181 gold pieces.

Inventory:

Hand Weapons
 a - a +0 hand axe (weapon)
 k - a +2 hand axe of holy wrath
Armour
 b - a +0 robe (worn)
 e - a +0 helmet (worn)
 p - a +2 pair of boots (worn)
Scrolls
 d - 2 scrolls of remove curse
 h - a scroll of enchant weapon {unknown}
 j - a scroll of teleportation {unknown}
 n - 5 scrolls of identify {unknown}
 v - a scroll of immolation {unknown}
 w - 3 scrolls of fear {unknown}
Potions
 f - 2 potions of brilliance
 l - a potion of heal wounds
Comestibles
 c - 2 bread rations
 g - 4 royal jellies
 i - a meat ration
 m - 2 fruits


   Skills:
 + Level 3.7 Fighting
 * Level 4.2 Axes
 + Level 2.0 Armour
 + Level 3.5 Dodging
 - Level 1.7 Stealth


You had 4 spell levels left.
You didn't know any spells.

Dungeon Overview and Level Annotations

Branches:
Dungeon (4/15)
 Temple: D:4-7

Altars:


Innate Abilities, Weirdness & Mutations

Your movements are less encumbered by armour. (ER -4)
Your flesh is cold resistant. (rC+)
Your spells are a little easier to cast, but a little less powerful.


Message History

The orc priest calls upon Beogh to heal the orc priest.
The orc priest is healed somewhat.
The orc priest hits you with a dagger.
An orc comes into view. It is wielding a flail.
You hit the orc priest but do no damage.
The orc priest is moderately wounded.
You hit the orc.
You kill the orc!
You hit the orc.
You kill the orc!
You hit the orc. The orc completely misses you.
The orc priest calls upon Beogh to heal the orc priest.
The orc priest's wounds heal themselves!
The orc priest mumbles some strange prayers to Beogh against you.
Beogh smites you!
* * * LOW HITPOINT WARNING * * *
You barely miss the orc priest. You barely miss the orc.
The orc barely misses you.
The orc priest calls down the wrath of Beogh upon you.
Beogh smites you!
You die...

.##..#.##
.........
.....=.o#
..#...#
....o#
#...# #.oo#
# #.)@#.#
#.).#.#
..####...#
........#.#
..#####.#.#
#.# #
..######.#
.........#
.#######.#


You could see 2 orc priests and 2 orcs.

Vanquished Creatures
  A scorpion (D:4)
  A hound (D:4)
  Robin (D:2)
  2 adders (D:3)
  2 oozes
  2 worms
  2 dart slugs (D:1)
  6 leopard geckos
  3 orcs (D:4)
  5 giant cockroaches
  14 goblins
  8 hobgoblins
  11 bats
  5 frilled lizards
  11 kobolds
  8 rats
82 creatures vanquished.

Notes
Turn   | Place    | Note
-------+----------+-------------------------------------------
     0 | D:1      | Alarkh the Demonspawn Monk began the quest for the Orb.
     0 | D:1      | Reached XP level 1. HP: 18/18 MP: 1/1
   295 | D:1      | Gained mutation: Your movements are slightly less encumbered by armour. (ER -2) [demonic ancestry]
   295 | D:1      | Reached XP level 2. HP: 24/24 MP: 2/2
   342 | D:1      | Reached skill level 3 in Axes
   897 | D:1      | Reached skill level 1 in Armour
   897 | D:1      | Reached XP level 3. HP: 25/29 MP: 3/3
  1647 | D:2      | Noticed Robin
  1679 | D:2      | Killed Robin
  1679 | D:2      | Reached XP level 4. HP: 20/35 MP: 4/4
  3801 | D:4      | Reached skill level 4 in Axes
  3801 | D:4      | Gained mutation: Your movements are less encumbered by armour. (ER -4) [demonic ancestry]
  3801 | D:4      | Reached XP level 5. HP: 36/41 MP: 5/5
  3860 | D:4      | Gained mutation: Your spells are a little easier to cast, but a little less powerful. [potion of mutation]
  3860 | D:4      | Gained mutation: Your flesh is cold resistant. (rC+) [potion of mutation]
  4129 | D:4      | Killed from afar by an orc priest

Vault maps used:
D:1:      dpeg_arrival_pits, grunt_decor_arrowhead, minmay_tetromino_l2
D:2:      kennysheep_boxes, uniq_robin
D:3:      minmay_curled_crystal
D:4:      serial_forest, infiniplex_forest_clump_small,
          infiniplex_forest_lined_room_, infiniplex_forest_lined_3,
          infiniplex_forest_clump_cross, infiniplex_forest_straight_4,
          first_bread, kennysheep_generic_room_10

Skill      XL: |  1  2  3  4  5 |
---------------+----------------+-----
Axes           | 3 4 |  4.2
Armour         | 1 2 |  2.0
Dodging        | 3 |  3.5
Fighting       | |  3.7
Stealth        | |  1.7

Action                   |  1- 3 |  4- 6 || total
-------------------------+-------+-------++-------
Melee: Hand axe          |   149 |   154 ||   303
  Use: Potion            |     4 |     8 ||    12
       Scroll            |       |     3 ||     3
 Stab: Distracted        |     1 |       ||     1
       Sleeping          |     1 |     1 ||     2
  Eat: Chunk             |     2 |     8 ||    10
Armor: Robe              |    27 |    30 ||    57
Dodge: Dodged            |   121 |   112 ||   233
